AoeStats
← scottysimo

Hideout

508965069Analyzed
1v1 RM · 6d ago on Sep 24, 2026· 49m 33s· 2 players
Game mode
Random Map
Map size
Tiny (2 player)
Population
200
Speed
Normal
Resources
Standard
Victory
Conquest
Starting age
Dark Age
Ending age
Imperial Age
RankedLock teamsTeams togetherTeam positionsShared explorationLock speedFull tech treeHidden civsTurbo modeCheats
Victory
Defeat
🇬🇧 Celts · United Kingdom
884
+15
🇩🇪 Goths · Germany
860
-15
Chrifo
5:22 Loom
9:00 Feudal Age
9:40 Double-Bit Axe
11:18 Man-at-Arms
15:34 Scale Mail Armor
17:48 Horse Collar
19:10 Wheelbarrow
23:06 Castle Age
24:20 Bow Saw
24:05 Long Swordsman
24:54 Squires
25:16 Chain Mail Armor
25:17 Forging
28:16 Hand Cart
29:02 Iron Casting
29:40 Gold Mining
29:40 Stone Mining
29:49 Stone Mining
31:41 Stone Shaft Mining
33:05 Gold Mining
37:18 Anarchy
40:36 Imperial Age
41:33 Two-Handed Swordsman
44:59 Blast Furnace
47:44 Town Watch
48:10 Pikeman
scottysimo
10:12 Feudal Age
11:12 Man-at-Arms
14:48 Forging
15:38 Loom
15:38 Horse Collar
18:38 Wheelbarrow
21:11 Castle Age
19:31 Town Watch
22:45 Hand Cart
22:33 Heavy Plow
22:22 Double-Bit Axe
22:43 Town Patrol
24:56 Bow Saw
25:34 Stone Mining
25:35 Gold Mining
26:55 Fletching
27:50 Iron Casting
27:15 Scale Mail Armor
37:16 Imperial Age
35:03 Stronghold
37:31 Chain Mail Armor
38:02 Heavy Scorpion
41:21 Furor Celtica
43:34 Blast Furnace
43:05 Plate Mail Armor
46:17 Siege Engineers
48:05 Onager
Connection lost

Rejoining the realm…

Still unreachable

The connection could not be restored.

Session expired

The server has moved on; the page needs a fresh start.